 Dungeon Crawl Stone Soup version 0.26-a0-639-g72c4674329 (webtiles) character file.

Game seed: 11456627487209464739

6097 Kaptain the Covert (level 10, -1/67 HPs)
             Began as an Octopode Hedge Wizard on Sept 16, 2020.
             Killed from afar by Harold (15 damage)
             ... with a harpoon shot
             ... on level 8 of the Dungeon.
             The game lasted 00:42:42 (11549 turns).

Kaptain the Covert (Octopode Hedge Wizard)         Turns: 11549, Time: 00:42:43

Health: -1/67      AC:  1    Str:  9    XL:     10   Next: 88%
Magic:  35/40      EV: 16    Int: 20    God:
Gold:   345        SH:  0    Dex: 12    Spells: 19/25 levels left

rFire    . . .     SeeInvis .   h - +3 flail (protect)
rCold    + + .     Faith    .   (no shield)
rNeg     . . .     Spirit   .   b - +0 hat
rPois    .         Reflect  .   A - amulet of regeneration
rElec    .         Harm     .   m - ring of protection from cold
rCorr    .         Rampage  .   o - ring of flight
MR       +....     Clarity  +   u - ring of magical power Stlth +++++.....Rnd*Tele +
                                y - ring of protection from cold
HPRegen  0.61/turn              B - ring of protection from magic
MPRegen  0.27/turn              J - ring of magical power
                                (no ring)
                                (no ring)

@: no status effects
A: almost no armour, stealthy swim, amphibious, 8 rings, constrict 8, tentacle
spike 1, camouflage 1, clarity, teleportitis 1, wild magic 1, gelatinous body 1
a: Evoke Flight


You were on level 8 of the Dungeon.
You visited 2 branches of the dungeon, and saw 9 of its levels.
You also visited: Ossuary.

You collected 345 gold pieces.

Inventory:

Hand Weapons
 a - a +1 dagger
 e - a +0 rapier
 h - a +3 flail of protection (weapon)
 q - a +2 mace of protection
 F - a cursed -2 executioner's axe
 M - a +4 war axe
Missiles
 i - 231 stones (quivered)
Armour
 b - a +0 hat (worn)
 C - a +2 buckler
Jewellery
 m - a ring of protection from cold (left tentacle)
 o - a ring of flight (right tentacle)
 u - a ring of magical power (on tentacle)
 y - a ring of protection from cold (on tentacle)
 A - an amulet of regeneration (around mantle)
 B - a ring of protection from magic (on tentacle)
 J - a ring of magical power (on tentacle)
Wands
 E - a wand of acid (8)
 H - a wand of flame (21)
 K - a wand of polymorph (6)
 L - a wand of paralysis (10)
Scrolls
 c - 5 scrolls of teleportation
 d - 4 scrolls of remove curse
 f - 3 scrolls of magic mapping
 k - 9 scrolls of identify
 r - 3 scrolls of enchant armour {unknown}
 t - 2 scrolls of blinking {unknown}
 v - a scroll of fog {unknown}
 w - a scroll of fear {unknown}
 x - 3 scrolls of random uselessness {unknown}
 z - a scroll of amnesia
 D - a scroll of enchant weapon
 G - a scroll of immolation
Potions
 g - 2 potions of resistance
 j - 4 potions of cancellation
 l - 2 potions of brilliance
 n - 4 potions of might
 p - a potion of heal wounds
 s - 5 potions of curing
 I - a potion of ambrosia


   Skills:
 + Level 5.6 Fighting
 + Level 6.1 Dodging
 + Level 8.7 Stealth
 + Level 4.0 Shields
 * Level 8.2 Spellcasting
 * Level 8.4 Conjurations
   Level 1.0 Summonings
 - Level 1.0 Translocations


You had 19 spell levels left.
You knew the following spells:

 Your Spells              Type           Power        Failure   Level
a - Magic Dart            Conj           ####         1%          1
b - Blink                 Tloc           N/A          13%         2
c - Mephitic Cloud        Conj/Pois/Air  ####....     12%         3

Your spell library contained the following spells:

 Spells                   Type           Power        Failure   Level
 Conjure Flame            Conj/Fire      ####....     7%          3
 Call Imp                 Summ           ###.....     13%         2
 Slow                     Hex            ##......     19%         2


Dungeon Overview and Level Annotations

Branches:
Dungeon (8/15)             Temple (1/1) D:7         Ossuary (visited)
   Lair: D:8-11

Altars:
Ashenzari
Cheibriados
Dithmenos
Fedhas
Gozag
Hepliaklqana
Kikubaaqudgha
Makhleb
Nemelex Xobeh
Okawaru
Qazlal
Ru
Sif Muna
Trog
Uskayaw
Vehumet
Wu Jian
Xom
Yredelemnul
Zin
The Shining One

Annotations:
D:8 Harold


Innate Abilities, Weirdness & Mutations

You cannot wear most types of armour.
You are very stealthy in the water. (Stealth+)
You are amphibious.
You can wear up to eight rings at the same time.
You can use your tentacles to constrict eight enemies at once.
Your skin changes colour to match your surroundings (Stealth+).
Your rubbery body absorbs attacks. (AC +1, EV +1)
One of your tentacles bears a spike.
You possess an exceptional clarity of mind.
You are occasionally teleported next to monsters.
Your spells are a little harder to cast, but a little more powerful.


Message History

Harold hits you with a cursed +0 long sword!
You sock Harold!
You pierce Harold, but do no damage.
You squeeze Harold, but do no damage.
Harold is moderately wounded.
You constrict Harold, but do no damage.
Harold hits you with a cursed +0 long sword!
* * * LOW HITPOINT WARNING * * *
You release your grip on Harold.
Harold seems less confused.
Harold fires a harpoon shot at you. The harpoon shot hits you!
* * * LOW HITPOINT WARNING * * *
You are yanked forward by the harpoon shot.
Casting: Magic Dart (safe; 1% risk of failure)
Confirm with . or Enter, or press ? or * to list all spells.
You blink.
An ogre comes into view. It is wielding a +0 giant spiked club.
Harold fires a harpoon shot at you. The harpoon shot hits you!
You die...

.#.#.#.#)#.#.#.#.###.###.###.#.#.
###.# #.# #.#.# #.#.#.#.#.#.##)##
.#.#.#.#.#.#.#. ##†###@###.###.##
#.###.# #.#.#O# #.#.#.#.#)#.##...
.#.#.#.#.#.#.#.#.###.###)###.#...
###.###.#.#.# #.# #.#.#.#.# ##...
.#.#.#.#.#.#.#.#.#.###.###.# #...
#.###.#.#.# #.###.###.#.# #.##.##
.#.#.#.#.#.#.#.#@#.#.###.# #.#...
###)#.#.###.# #.###.###.#y# ##.##
)#.#.#.#.#.#.#.#.#.#.#s# #.# #.#
#.#.#.###.###.###.###.# #.##.#
.#.#.#.#.#.#.#.#.#.#.#.# #[#.#
#.#.###)###.###.###.# #.# ##.#
.#.#.#.#.#.#.#.#.#.#.# #.# #.#
#.###)###.###.###)# #(# #.# #.#
### ### ### ### ### ## #####.#


You could see Harold.

Vanquished Creatures
  A tengu warrior (D:8)
  Maggie (D:7)
  2 kobold demonologists (D:6)
  Prince Ribbit (D:6)
  Sigmund (D:2)
  A wyvern (D:8)
  Eustachio (D:4)
  A steam dragon (D:7)
  A water moccasin (D:5)
  2 ice beasts
  A necrophage (D:7)
  4 orc warriors
  7 ogres
  2 phantoms
  4 centaurs
  A bullfrog (D:5)
  2 elf zombies (D:7)
  A scorpion (D:8)
  A killer bee (D:8)
  10 wights
  A howler monkey (D:8)
  A bullfrog zombie (D:6)
  4 hounds
  4 human zombies (D:7)
  A quasit (D:5)
  A jelly (D:8)
  4 orc wizards
  6 orc priests
  A bullfrog skeleton (D:8)
  A centaur skeleton (D:6)
  Terence (D:2)
  2 iguanas
  10 worker ants
  5 big kobold zombies (Ossuary)
  A hound zombie (D:5)
  A hound skeleton (D:6)
  4 mummies
  A howler monkey zombie (D:5)
  A worker ant zombie (D:8)
  6 adders
  4 shadow imps (D:6)
  2 white imps (D:8)
  2 oozes
  An adder zombie (D:7)
  4 worms
  7 dart slugs
  7 leopard geckos
  25 orcs
  5 spectral bats (Ossuary)
  2 bats (D:2)
  2 bat simulacra (Ossuary)
  6 giant cockroaches
  8 goblins
  10 hobgoblins
  4 jackals
  3 kobolds
  3 quokkas
  A ball python (D:4)
  5 frilled lizards
  7 gnoll zombies (Ossuary)
  3 goblin simulacra (Ossuary)
  4 goblin zombies (Ossuary)
  3 hobgoblin zombies (Ossuary)
  A jackal skeleton (D:5)
  4 kobold simulacra (Ossuary)
  5 kobold zombies (Ossuary)
  A leopard gecko skeleton (D:5)
  6 orc zombies (Ossuary)
  3 quokka skeletons
  A quokka zombie (D:6)
  7 rats
  A rat simulacrum (Ossuary)
  A spectral goblin (Ossuary)
  4 spectral kobolds (Ossuary)
  5 spectral rats (Ossuary)
258 creatures vanquished.

Vanquished Creatures (others)
  An adder skeleton (D:8)
  A quokka (D:8)
  2 plants (D:6)
4 creatures vanquished.

Grand Total: 262 creatures vanquished

Notes
Turn   | Place    | Note
-------+----------+-------------------------------------------
     0 | D:1      | Kaptain the Octopode Hedge Wizard began the quest for the
                  | Orb.
     0 | D:1      | Reached XP level 1. HP: 11/11 MP: 4/4
   136 | D:1      | Reached XP level 2. HP: 17/17 MP: 6/6
   444 | D:1      | Reached XP level 3. HP: 18/22 MP: 0/7
  1114 | D:2      | Noticed Terence
  1120 | D:2      | Learned a level 2 spell: Blink
  1124 | D:2      | Learned a level 3 spell: Mephitic Cloud
  1661 | D:2      | Reached XP level 4. HP: 27/27 MP: 1/9
  1813 | D:2      | Reached skill level 1 in Fighting
  2040 | D:2      | Killed Terence
  2424 | D:2      | Noticed Sigmund
  2448 | D:2      | Killed Sigmund
  2448 | D:2      | Reached XP level 5. HP: 18/34 MP: 6/11
  2448 | D:2      | Reached XP level 6. HP: 21/39 MP: 6/12
  3198 | D:3      | Found a glowing silver altar of Zin.
  3338 | D:3      | Found a sacrificial altar of Ru.
  3592 | D:3      | Found a faded altar of an unknown god.
  4681 | D:4      | Reached XP level 7. HP: 40/45 MP: 9/13
  4804 | D:4      | Reached skill level 5 in Stealth
  5032 | D:4      | Reached skill level 5 in Spellcasting
  5125 | D:4      | Noticed Eustachio
  5134 | D:4      | Killed Eustachio
  5134 | D:4      | Reached XP level 8. HP: 43/52 MP: 12/15
  5951 | D:5      | Entered Level 5 of the Dungeon
  5964 | D:5      | Reached skill level 5 in Conjurations
  6655 | D:6      | Found a transporter.
  6670 | D:6      | Noticed a kobold demonologist
  6672 | D:6      | Noticed a kobold demonologist
  6676 | D:6      | Found a transporter.
  7590 | D:6      | Reached XP level 9. HP: 58/58 MP: 18/18
  7591 | D:6      | Killed a kobold demonologist
  7591 | D:6      | Reached skill level 1 in Shields
  7678 | D:6      | Killed a kobold demonologist
  7689 | D:6      | Reached skill level 5 in Dodging
  7941 | D:7      | Found a sand-covered staircase.
  7947 | Ossuary  | Entered an ossuary
  8982 | D:7      | Found a basalt altar of Yredelemnul.
  9104 | D:7      | Reached XP level 10. HP: 58/65 MP: 20/20
  9296 | D:7      | Found a staircase to the Ecumenical Temple.
  9302 | D:7      | Noticed Prince Ribbit
  9587 | D:6      | Killed Prince Ribbit
  9587 | D:6      | Reached skill level 5 in Fighting
  9739 | D:7      | Noticed Maggie
 10013 | D:7      | Killed Maggie
 10262 | Temple   | Entered the Ecumenical Temple
 10510 | D:7      | Gained mutation: One of your tentacles bears a spike.
                  | [potion of mutation]
 10510 | D:7      | Lost mutation: One of your tentacles bears a spike. [potion
                  | of mutation]
 10510 | D:7      | Gained mutation: You are occasionally teleported next to
                  | monsters. [potion of mutation]
 10510 | D:7      | Gained mutation: One of your tentacles bears a spike.
                  | [potion of mutation]
 10511 | D:7      | Gained mutation: You possess an exceptional clarity of
                  | mind. [potion of mutation]
 10511 | D:7      | Gained mutation: Your spells are a little harder to cast,
                  | but a little more powerful. [potion of mutation]
 10815 | D:8      | Noticed a tengu warrior
 10832 | D:8      | HP: 2/66 [tengu warrior/+0 battleaxe (5)]
 10855 | D:8      | Killed a tengu warrior
 10901 | D:8      | Noticed Harold
 11041 | D:8      | Found an iron altar of Okawaru.
 11549 | D:8      | Killed from afar by Harold

Illustrated notes

Levels and vault maps discovered:
D:1:      mushboom_english_gardens, layout_basic
D:2:      layout_basic, minmay_misc_feat_square, uniq_sigmund, uniq_terence
D:3:      layout_basic, lemuel_crystal_altar, chequers_ecumenical_altar_grove,
          nicolae_ru_awakened_eye
D:4:      layout_gridville, uniq_eustachio
D:5:      layout_basic
D:6:      gammafunk_wand_slinger, layout_loops_ring, serial_bayou_pond_a,
          nrook_uturn, grunt_ministairs_8
D:7:      layout_rooms, lemuel_mausoleum_altar_yredelemnul,
          minmay_temple_entry_mini_moons, nicolae_ossuary_entry_false_entrances,
          uniq_maggie, uniq_prince_ribbit1
D:8:      minmay_imperfect_grid, layout_basic, lemuel_doored_altar,
          elyvilon_altar_4, uniq_harold
Temple:   dpeg_five_rooms_temple

Skill      XL: |  1  2  3  4  5  6  7  8  9 10 |
---------------+-------------------------------+-----
Stealth        | 3 4 5 6 7 8 |  8.7
Conjurations   | 2 3 4 5 7 8 |  8.4
Fighting       | 1 2 3 4 5 |  5.6
Spellcasting   | 4 5 6 7 8 |  8.2
Dodging        | 3 4 5 6 |  6.1
Shields        | 2 4 |  4.0
Summonings     | |  1.0
Translocations | |  1.0

Action                   |  1- 3 |  4- 6 |  7- 9 | 10-12 || total
-------------------------+-------+-------+-------+-------++-------
Melee: Dagger            |    28 |    13 |       |       ||    41
       Tentacles         |     8 |    10 |    53 |    21 ||    92
       Constrict         |     6 |    10 |    60 |    28 ||   104
       Flail             |       |    29 |    53 |   130 ||   212
       Mace              |       |     3 |   195 |       ||   198
       Kick              |       |       |       |    25 ||    25
 Cast: Magic Dart        |    75 |   106 |   228 |   132 ||   541
       Mephitic Cloud    |     1 |     5 |    12 |    24 ||    42
       Blink             |       |     2 |       |     3 ||     5
  Use: Scroll            |     2 |     8 |     4 |     2 ||    16
       Potion            |       |       |     1 |     8 ||     9
 Stab: Sleeping          |     5 |     1 |    20 |     2 ||    28
       Confused          |       |     4 |     3 |     9 ||    16
       Distracted        |       |       |     2 |     2 ||     4
Armor: Skin              |       |       |    74 |    18 ||    92
Dodge: Dodged            |    15 |    30 |   213 |   150 ||   408

Table legend: (Time is in decaauts)
 A = Elapsed time spent in this place.
 B = Non-inter-level travel time spent in this place.
 C = Inter-level travel time spent in this place.
 D = Time resting spent in this place.
 E = Time spent auto-exploring this place.
 F = Levels seen in this place.
 G = Mean time per level.
                   A        B        C        D        E       F      G
               +--------+--------+--------+--------+--------+-----+--------+
         Total |  11728 |  11228 |    500 |   3253 |   5235 |  10 | 1172.8 |
       Dungeon |  10846 |  10394 |    452 |   3118 |   5046 |   8 | 1355.8 |
        Temple |    238 |    190 |     48 |      0 |    189 |   1 |  238.0 |
       Ossuary |    643 |    643 |      0 |    135 |      0 |   1 |  643.0 |
               +--------+--------+--------+--------+--------+-----+--------+

Top non-repeatable levels by time:
     D:3: 1631 daAuts
     D:2: 1579 daAuts
     D:6: 1540 daAuts
     D:7: 1533 daAuts
     D:4: 1532 daAuts
     D:1: 1237 daAuts
     D:8: 1077 daAuts
     D:5: 715 daAuts
 Ossuary: 643 daAuts
  Temple: 238 daAuts
